 Dungeon Crawl Stone Soup version 0.29.0-4-gdea44cf6ec (webtiles) character file.

Game seed: 12380128197030205926

58 qw the Chopper (level 4, 0/22 (26) HPs)
             Began as a Tengu Warper on Aug 28, 2022.
             Slain by Terence
             ... wielding a +2 flail of draining
              (3 damage)
             ... on level 2 of the Dungeon.
             The game lasted 00:00:06 (1383 turns).

qw the Chopper (Tengu Warper)                       Turns: 1383, Time: 00:00:07

HP:   0/22 (26)     AC:  6    Str: 13    XL:     4   Next: 1%
MP:   8/8           EV:  9    Int: 13    God:
Gold: 65            SH:  0    Dex: 14    Spells: 7/7 levels left

rFire   . . .      SeeInvis .   Y - +1 hand axe
rCold   . . .      Faith    .   (no shield)
rNeg    . . .      Spirit   .   h - +0 scale mail
rPois   .          Reflect  .   (helmet restricted)
rElec   .          Harm     .   (no cloak)
rCorr   .          Rampage  .   (no gloves)
Will    .....                   (boots unavailable)
Stlth   ..........              (no amulet)
HPRegen 0.07/turn               (no ring)
MPRegen 0.11/turn               (no ring)

@: heavily drained
A: beak, talons 3
a: no special abilities


You were on level 2 of the Dungeon.
You visited 1 branch of the dungeon, and saw 2 of its levels.

You collected 65 gold pieces.


Innate Abilities, Weirdness & Mutations

You have a beak for a mouth.
You have claws for feet.


   Skills:
 - Level 2.0 Fighting
 + Level 4.6 Axes
 - Level 1.0 Throwing
 - Level 1.1 Armour
 - Level 2.1 Dodging
 - Level 2.0 Spellcasting
 - Level 2.4 Translocations


You had 7 spell levels left.
You didn't know any spells.
Your spell library contained the following spells:

 Spells                   Type           Power      Damage    Failure   Level
 Blink                    Tloc           14%        N/A       56%         2
 Gell's Gravitas          Tloc           7%         N/A       80%         3
 Lesser Beckoning         Tloc           7%         N/A       80%         3
 Teleport Other           Tloc           7%         N/A       80%         3
 Manifold Assault         Tloc           7%         N/A       100%        5

Inventory:

Hand Weapons
 j - a +0 whip
 Y - a +1 hand axe (weapon)
Armour
 b - a +3 leather armour
 h - a +0 scale mail (worn)
Scrolls
 a - 2 scrolls of identify {unknown}
Potions
 g - a potion of curing {unknown}
 i - a potion of resistance {unknown}

Dungeon Overview and Level Annotations

Branches:
Dungeon (2/15)

Altars:

Annotations:
D:2 Terence


Message History

HP restored.
As you open the door, it creaks loudly!
There is an open door here.
There is an open door here.
A bat comes into view.
Enter note: You hit the bat.
The bat is moderately wounded.
The bat barely misses you. The bat hits you but does no damage.
You completely miss the bat. You claw the bat.
You kill the bat!
Terence the Incautious comes into view.
He is wielding a +2 flail of draining.
Terence shouts!
Terence drinks a potion.
Terence seems to speed up.
Terence closely misses you.
You hit Terence but do no damage. You claw Terence.
Terence is moderately wounded.
Terence hits you with a +2 flail of draining!
You feel drained.
You barely miss Terence. Your kick misses Terence.
Terence is moderately wounded.
Terence barely misses you. Terence looks scornfully at you.
Terence hits you with a +2 flail of draining!
You feel drained.
You closely miss Terence. You peck Terence, but do no damage.
Terence is moderately wounded.
Terence hits you but does no damage.
You feel drained. Terence barely misses you.
You hit Terence but do no damage. You claw Terence, but do no damage.
Terence is moderately wounded.
Terence barely misses you.
You hit Terence but do no damage. You claw Terence, but do no damage.
Terence is moderately wounded.
Terence misses you. Terence closely misses you.
You closely miss Terence. You claw Terence.
Terence is heavily wounded.
Terence hits you with a +2 flail of draining.
You die...

####....... #..........
#############..........
............'..........
...#...#####.......###
+...+..............
#...######.########
#...# #..### ## #@@.#
##...####. ........##
###...... ...#....#
###...... . #....#
#.......# #....#
#.......# #.....
#.......# ####..
#........ #.. ####'###.
#..##.


You could see Terence (fast).

Vanquished Creatures
  A gnoll (D:1)
  3 adders (D:2)
  A dart slug (D:1)
  3 goblins (D:1)
  A hobgoblin (D:2)
  A ball python (D:2)
  A bat (D:2)
  4 frilled lizards
  5 kobolds
  4 rats
24 creatures vanquished.

Notes
Turn   | Place    | Note
-------+----------+-------------------------------------------
     0 | D:1      | qw the Tengu Warper began the quest for the Orb.
     0 | D:1      | Reached XP level 1. HP: 12/12 MP: 4/4
     0 | D:1      | 0 ||| qw: Version: 0.1-a-89-g26bdef1
     0 | D:1      | 0 ||| qw: Game counter: 1160
     0 | D:1      | 0 ||| qw: Always use a shield: true
     0 | D:1      | 0 ||| qw: God list: Okawaru
     0 | D:1      | 0 ||| qw: Allow faded altars: false
     0 | D:1      | 0 ||| qw: Do Orc after D:15 true
     0 | D:1      | 0 ||| qw: Do second Lair branch before Depths: true
     0 | D:1      | 0 ||| qw: Lair rune preference: random
     0 | D:1      | 0 ||| qw: Plans: Normal
     0 | D:1      | 0 ||| PLANNING D:1-11
   121 | D:1      | 121 ||| Stepping ~*~*~tactically~*~*~ (hiding).
   217 | D:1      | Reached XP level 2. HP: 17/17 MP: 6/6
   254 | D:1      | Reached skill level 3 in Axes
   291 | D:1      | 291 ||| Stepping ~*~*~tactically~*~*~ (stealth).
   294 | D:1      | 294 ||| Stepping ~*~*~tactically~*~*~ (stealth).
   436 | D:1      | 436 ||| DROPPING +0 club.
   493 | D:1      | 493 ||| Stepping ~*~*~tactically~*~*~ (stealth).
   495 | D:1      | 495 ||| Stepping ~*~*~tactically~*~*~ (stealth).
   679 | D:1      | Found a faded altar of an unknown god.
   812 | D:1      | 812 ||| UPGRADING to +0 scale mail.
   822 | D:1      | 822 ||| DROPPING +0 leather armour.
   823 | D:1      | 823 ||| READING scroll labelled ZAELUN CYUJEQU.
   824 | D:1      | 824 ||| READING scroll labelled DANANO GUCH.
   827 | D:1      | 827 ||| READING 2 scrolls labelled LEFRECEBOA.
   828 | D:1      | 828 ||| DROPPING scroll of blinking.
   829 | D:1      | 829 ||| DROPPING scroll of butterflies.
   853 | D:2      | 853 ||| Stepping ~*~*~tactically~*~*~ (stealth).
   862 | D:2      | Reached XP level 3. HP: 20/21 MP: 7/7
  1067 | D:2      | Reached skill level 4 in Axes
  1333 | D:2      | Reached XP level 4. HP: 25/26 MP: 8/8
  1374 | D:2      | Noticed Terence
  1379 | D:2      | HP: 4/24 [Terence/+2 flail of draining (7)]
  1383 | D:2      | Slain by Terence

Levels and vault maps discovered:
D:1:      minmay_arrival_loop, layout_rooms, ebering_ecumenical_altar_ruins
D:2:      layout_basic, uniq_terence

Skill      XL: |  1  2  3 |
---------------+----------+-----
Axes           | 3 4 |  4.6
Fighting       | |  2.0
Throwing       | |  1.0
Armour         | |  1.1
Dodging        | |  2.1
Spellcasting   | |  2.0
Translocations | |  2.4

Action                   |  1- 3 |  4- 6 || total
-------------------------+-------+-------++-------
Melee: Hand axe          |    47 |     8 ||    55
       Kick              |    10 |     5 ||    15
       Peck              |     4 |     1 ||     5
Throw: Boomerang         |     7 |       ||     7
  Use: Scroll            |     3 |       ||     3
Armor: Leather armour    |     3 |       ||     3
       Scale mail        |    13 |     2 ||    15
Dodge: Dodged            |    17 |     7 ||    24

Table legend:
 A = Non-vault XP
 B = Vault XP
 C = Vault XP percentage of total XP
 D = Non-vault monster count
 E = Vault monster count
 F = Vault count percentage of total count
                 A         B        C        D         E       F
            +---------+---------+-------+---------+---------+-------
      Total |      83 |       0 |   0.0 |      24 |       0 |   0.0
            +---------+---------+-------+---------+---------+-------
        D:1 |      33 |       0 |   0.0 |      13 |       0 |   0.0
        D:2 |      50 |       0 |   0.0 |      11 |       0 |   0.0
            +---------+---------+-------+---------+---------+-------
